 Dungeon Crawl Stone Soup version 0.28-a0-8-g6e044cfa68 (webtiles) character file.

Game seed: 4703626024521700304

2810 Shayle the Sneak (level 9, -8/71 HPs)
             Began as a Demonspawn Enchanter on July 24, 2021.
             Was an Initiate of Gozag.
             Mangled by a two-headed ogre (21 damage)
             ... on level 8 of the Dungeon.
             The game lasted 00:26:38 (10310 turns).

Shayle the Sneak (Demonspawn Enchanter)            Turns: 10310, Time: 00:26:38

Health: -8/71      AC:  4    Str: 11    XL:     9   Next: 44%
Magic:  12/12      EV: 12    Int: 19    God:    Gozag
Gold:   408        SH:  0    Dex: 14    Spells: 3/12 levels left

rFire   . . .      SeeInvis .   q - +1 rapier of Sudden Death {vorpal, rC+ Str+2}
rCold   + . .      Faith    .   (no shield)
rNeg    . . .      Spirit   .   b - +0 robe
rPois   .          Reflect  .   (no helmet)
rElec   .          Harm     .   (no cloak)
rCorr   .          Rampage  .   l - +1 pair of gloves
Will    .....                   (no boots)
Stlth   ++++......              (no amulet)
HPRegen 0.21/turn               (no ring)
MPRegen 0.13/turn               (no ring)

@: no status effects
A: claws 1, powered by death 1, spiny 1
a: Renounce Religion, Potion Petition, Call Merchant, Bribe Branch


You were on level 8 of the Dungeon.
You worshipped Gozag.
Gozag was aware of your devotion.
You visited 2 branches of the dungeon, and saw 9 of its levels.

You collected 1140 gold pieces.
You spent 150 gold pieces at shops.
You paid 582 gold pieces to Gozag.

Inventory:

Hand Weapons
 a - a +2 dagger of freezing
 e - a +3 hand axe
 q - the +1 rapier of Sudden Death (weapon) {vorpal, rC+ Str+2}
   (You found it on level 5 of the Dungeon)

   It inflicts extra damage upon your enemies.
   Str:       It affects your strength (+2).
   rC:        It protects you from cold.
 v - a +3 trident of flaming
Missiles
 d - 45 poisoned darts (quivered)
 u - 2 boomerangs of dispersal
Armour
 b - a +0 robe (worn)
 l - a +1 pair of gloves (worn)
Wands
 h - a wand of polymorph (10)
 k - a wand of paralysis (2)
Scrolls
 f - a scroll of immolation
 g - 3 scrolls of teleportation
 i - a scroll of holy word
 j - a scroll of enchant armour
 m - 2 scrolls of enchant weapon
 n - a scroll of silence
 p - a scroll of fog
Potions
 c - a potion of brilliance
 o - a potion of mutation {unknown}
 s - 2 potions of lignification


   Skills:
 + Level 6.6 Fighting
 + Level 4.9 Short Blades
 - Level 1.7 Dodging
 + Level 7.3 Stealth
 - Level 2.0 Spellcasting
 - Level 3.2 Conjurations
 - Level 3.0 Hexes
 + Level 5.3 Fire Magic


You had 3 spell levels left.
You knew the following spells:

 Your Spells              Type           Power      Damage    Failure   Level
a - Corona                Hex            14%        N/A       4%          1
b - Ensorcelled Hibernat  Hex/Ice        14%        N/A       14%         2
c - Dazzling Flash        Conj/Hex       26%        N/A       14%         3
d - Confusing Touch       Hex            13%        N/A       14%         3

Your spell library contained the following spells:

 Spells                   Type           Power      Damage    Failure   Level
 Magic Dart               Conj           56%        1d5       4%          1
 Searing Ray              Conj           28%        3d4       7%          2
 Tukima's Dance           Hex            13%        N/A       14%         3
 Portal Projectile        Hex/Tloc       14%        N/A       26%         3
 Call Canine Familiar     Summ           1%         N/A       45%         3
 Fulminant Prism          Conj/Hex       6%         3d7       43%         4
 Fireball                 Conj/Fire      9%         3d6       63%         5
 Leda's Liquefaction      Hex/Erth       3%         N/A       65%         4
 Iskenderun's Battlesphe  Conj           14%        2d7       77%         5
 Olgreb's Toxic Radiance  Pois           1%         N/A       86%         4
 Conjure Ball Lightning   Conj/Air       4%         3x3d6     100%        6
 Orb of Destruction       Conj           7%         9d3       100%        7
 Ozocubu's Refrigeration  Ice            0%         4d5       100%        7
 Ignition                 Fire           11%        3d5       100%        8


Dungeon Overview and Level Annotations

Branches:
Dungeon (8/15)             Temple (1/1) D:5
   Lair: D:8-11

Altars:
Ashenzari
Cheibriados
Dithmenos
Elyvilon
Fedhas
Gozag
Hepliaklqana
Kikubaaqudgha
Makhleb
Nemelex Xobeh
Okawaru
Qazlal
Ru
Sif Muna
Trog
Uskayaw
Vehumet
Wu Jian
Xom
Yredelemnul
Zin
The Shining One

Shops:
D:4 ?   D:5 !   D:6 :


Innate Abilities, Weirdness & Mutations

You have sharp fingernails.
You regenerate a little health from kills.
You are partially covered in sharp spines.


Message History

The two-headed ogre is lightly wounded.
Throw: 47 darts (poison)
Press: ? - help, Q - select action, (/) - cycle Shift-Dir - straight line, f/p - two-headed ogre
Aim: a two-headed ogre, wielding a +0 giant club and a +0 giant spiked club (lightly wounded, very poisoned, 76% to hit)
You throw a poisoned dart.
The poisoned dart hits the two-headed ogre.
The two-headed ogre looks as sick as possible!
The two-headed ogre is lightly wounded.
Throw: 46 darts (poison)
Press: ? - help, Q - select action, (/) - cycle Shift-Dir - straight line, f/p - two-headed ogre
Aim: a two-headed ogre, wielding a +0 giant club and a +0 giant spiked club (lightly wounded, extremely poisoned, 76% to hit)
You throw a poisoned dart.
The poisoned dart hits the two-headed ogre.
The two-headed ogre looks as sick as possible!
The two-headed ogre is lightly wounded.
Unknown command.
You hit the two-headed ogre.
The two-headed ogre is moderately wounded.
The two-headed ogre barely misses you.
The two-headed ogre hits you with a +0 giant spiked club!!
You puncture the two-headed ogre!
The two-headed ogre is heavily wounded.
The two-headed ogre hits you with a +0 giant club!
The two-headed ogre barely misses you.
You hit the two-headed ogre but do no damage.
The two-headed ogre is heavily wounded.
You hit the two-headed ogre.
The two-headed ogre is heavily wounded.
The two-headed ogre hits you with a +0 giant club!
The two-headed ogre hits you with a +0 giant spiked club!
* * * LOW HITPOINT WARNING * * *
Unknown command.
You hit the two-headed ogre.
The two-headed ogre is severely wounded.
A killer bee comes into view.
The two-headed ogre is struck by your spines.
The two-headed ogre closely misses you.
The two-headed ogre hits you with a +0 giant spiked club!!
You die...
Your body crumbles into a pile of gold.

#..# #...## #(#
#..# #....# #y#
#.#..######.# $
#.........#.#
.#####..###.#.#
.........# #.#.#
....##...###.#.#
.. #.#..##.#O#
#.#..##.#@#
#.#.....#.#
#.#...###.#
#.........#
######...######.#
#................
#.####.#..#####.#
#.# #.#...# #.#
#.##..####


You could see a two-headed ogre (very poisoned) and a killer bee (wandering).

Vanquished Creatures
  2 water moccasins
  2 orc warriors
  An ice beast (D:6)
  A sky beast (D:6)
  An ogre (D:5)
  A phantom (D:4)
  3 kobold brigands (D:8)
  2 bullfrogs
  A gnoll sergeant (D:6)
  3 scorpions
  A wyvern skeleton (D:6)
  4 wights
  2 bullfrog zombies
  A gnoll shaman (D:7)
  7 orc priests
  2 centaur skeletons
  A hound (D:7)
  3 jellies (D:6)
  An iguana (D:6)
  4 orc wizards
  3 killer bee zombies
  A howler monkey zombie (D:5)
  27 gnolls
  6 adders
  A shadow imp (D:5)
  An adder skeleton (D:3)
  2 dart slugs
  2 worms
  24 orcs
  2 bats
  12 endoplasms
  4 giant cockroaches
  8 hobgoblins
  5 jackals
  A quokka (D:1)
  7 ball pythons
  2 frilled lizards
  2 goblins
  22 kobolds
  2 rats
177 creatures vanquished.

Vanquished Creatures (collateral kills)
  A cyclops (D:6)
1 creature vanquished.

Vanquished Creatures (others)
  A plant (D:5)
1 creature vanquished.

Grand Total: 179 creatures vanquished

Notes
Turn   | Place    | Note
-------+----------+-------------------------------------------
     0 | D:1      | Shayle the Demonspawn Enchanter began the quest for the
                  | Orb.
     0 | D:1      | Reached XP level 1. HP: 13/13 MP: 3/3
   403 | D:1      | Reached skill level 1 in Fighting
   403 | D:1      | Reached skill level 3 in Stealth
   453 | D:1      | Gained mutation: You regenerate a little health from kills.
                  | [demonic ancestry]
   453 | D:1      | Reached XP level 2. HP: 8/21 MP: 5/5
   456 | D:1      | Learned a level 2 spell: Ensorcelled Hibernation
   927 | D:1      | Found a faded altar of an unknown god.
  1650 | D:2      | Gained mutation: You are partially covered in sharp spines.
                  | [demonic ancestry]
  1650 | D:2      | Reached XP level 3. HP: 27/27 MP: 6/6
  1693 | D:2      | Learned a level 3 spell: Dazzling Flash
  1969 | D:2      | Found an iron altar of Okawaru.
  2354 | D:3      | Reached skill level 1 in Conjurations
  2431 | D:3      | Reached XP level 4. HP: 24/34 MP: 0/7
  2942 | D:2      | Reached skill level 4 in Stealth
  3929 | D:3      | Reached XP level 5. HP: 13/39 MP: 8/8
  4270 | D:5      | Entered Level 5 of the Dungeon
  4442 | D:5      | Found a staircase to the Ecumenical Temple.
  4450 | Temple   | Entered the Ecumenical Temple
  4494 | Temple   | Became a worshipper of Gozag Ym Sagoz the Greedy
  4517 | D:4      | Reached skill level 1 in Fire Magic
  4685 | D:4      | Noticed a phantom
  4701 | D:4      | Killed a phantom
  4702 | D:4      | Reached XP level 6. HP: 18/47 MP: 9/9
  5240 | D:4      | Found Wockaeg's Magic Scroll Emporium.
  5476 | D:4      | Bought a scroll of fear for 42 gold pieces
  5476 | D:4      | Bought a scroll of fog for 24 gold pieces
  5476 | D:4      | Bought a scroll of teleportation for 36 gold pieces
  5476 | D:4      | Bought a scroll of identify for 24 gold pieces
  5476 | D:4      | Bought a scroll of identify for 24 gold pieces
  5863 | D:5      | Gained mutation: You have sharp fingernails. [demonic
                  | ancestry]
  5863 | D:5      | Reached XP level 7. HP: 53/53 MP: 10/10
  5901 | D:5      | Identified the +1 rapier of Sudden Death {vorpal, rC+
                  | Str+2}
  5979 | D:5      | Reached skill level 1 in Short Blades
  5979 | D:5      | Reached skill level 5 in Stealth
  6061 | D:5      | Found a stormy altar of Qazlal.
  6665 | D:5      | Found Lobror Homo's Distillery.
  6982 | D:6      | Learned a level 3 spell: Confusing Touch
  7050 | D:6      | Reached XP level 8. HP: 40/61 MP: 11/11
  7396 | D:6      | Reached skill level 5 in Fighting
  7494 | D:6      | Reached skill level 6 in Stealth
  8256 | D:6      | Noticed a cyclops
  8558 | D:6      | Killed a cyclops
  8652 | D:6      | Reached XP level 9. HP: 69/69 MP: 12/12
  8670 | D:6      | Found Ykloek's Book Emporium.
  9026 | D:7      | Reached skill level 7 in Stealth
  9149 | D:7      | Reached skill level 5 in Fire Magic
 10294 | D:8      | Noticed a two-headed ogre
 10310 | D:8      | Mangled by a two-headed ogre

Illustrated notes

Levels and vault maps discovered:
D:1:      eino_arrival_tree_alley, layout_loops_corners,
          hellmonk_ecumenical_altar_lost_god
D:2:      layout_basic, basic_altar
D:3:      layout_rooms
D:4:      layout_loops_ring, serial_shops, shop
D:5:      layout_basic, nicolae_qazlal_scattered_showers,
          minmay_temple_entry_glassed_door, serial_shops, nicolae_shop_crystal,
          serial_bayou_lagoon_b
D:6:      layout_basic, nicolae_stop_n_shop_1, minmay_microvault
D:7:      layout_rooms
D:8:      layout_basic, serial_curves, eino_curves_04, eino_curves_01
Temple:   dpeg_three_leaves_temple

Skill      XL: |  1  2  3  4  5  6  7  8  9 |
---------------+----------------------------+-----
Fighting       | 1 2 3 4 6 |  6.6
Stealth        | 3 4 5 6 7 |  7.3
Conjurations   | 1 2 3 |  3.2
Fire Magic     | 1 2 3 4 5 |  5.3
Short Blades   | 2 4 |  4.9
Dodging        | |  1.7
Spellcasting   | |  2.0
Hexes          | |  3.0

Action                   |  1- 3 |  4- 6 |  7- 9 || total
-------------------------+-------+-------+-------++-------
Melee: Dagger            |   108 |   102 |       ||   210
       Rapier            |       |       |   245 ||   245
Throw: Dart              |    15 |    24 |     6 ||    45
 Cast: Ensorcelled Hiber |     4 |    16 |    19 ||    39
       Confusing Touch   |       |       |     5 ||     5
Invok: Potion Petition   |       |       |     2 ||     2
Evoke: Wand              |       |     5 |     2 ||     7
  Use: Scroll            |     1 |     6 |    11 ||    18
       Potion            |       |     3 |     5 ||     8
 Stab: Sleeping          |    11 |    11 |    18 ||    40
       Paralysed         |       |     2 |     2 ||     4
       Distracted        |       |       |     1 ||     1
       Confused          |       |       |     1 ||     1
Armor: Robe              |    19 |    12 |    43 ||    74
Dodge: Dodged            |    56 |    43 |   149 ||   248

Table legend: (Time is in decaauts)
 A = Elapsed time spent in this place.
 B = Non-inter-level travel time spent in this place.
 C = Inter-level travel time spent in this place.
 D = Time resting spent in this place.
 E = Time spent auto-exploring this place.
 F = Levels seen in this place.
 G = Mean time per level.
                   A        B        C        D        E       F      G
               +--------+--------+--------+--------+--------+-----+--------+
         Total |  10354 |  10124 |    230 |   2244 |   5436 |   9 | 1150.4 |
       Dungeon |  10306 |  10079 |    227 |   2244 |   5436 |   8 | 1288.2 |
        Temple |     47 |     44 |      3 |      0 |      0 |   1 |   47.0 |
               +--------+--------+--------+--------+--------+-----+--------+

Top non-repeatable levels by time:
     D:6: 1682 daAuts
     D:1: 1555 daAuts
     D:5: 1547 daAuts
     D:2: 1530 daAuts
     D:4: 1259 daAuts
     D:3: 1206 daAuts
     D:8: 788 daAuts
     D:7: 737 daAuts
  Temple: 47 daAuts
